 Dungeon Crawl Stone Soup version 0.30-a0-860-g512cf1e979 (webtiles) character file.

Game seed: 3408772693780884304

100 Ge0ff the Firebug (level 4, -3/42 HPs)
             Began as a Naga Cinder Acolyte on Mar 8, 2023.
             Was a High Priest of Ignis.
             Slain by a hobgoblin
             ... wielding a +0 dagger
             ... led by Robin
              (5 damage)
             ... on level 2 of the Dungeon.
             The game lasted 00:03:16 (1682 turns).

Ge0ff the Firebug (Naga Cinder Acolyte)             Turns: 1682, Time: 00:03:16

Health: -3/42      AC:  2    Str: 16    XL:     4   Next: 73%
Magic:  7/7        EV:  9    Int: 17    God:    Ignis [*****.]
Gold:   77         SH:  0    Dex:  6    Spells: 6/8 levels left

rFire   + . .      SeeInvis +    a - -1 spear (flame)
rCold   . . .      Faith    .    (no shield)
rNeg    . . .      Spirit   .    b - +0 robe
rPois   +          Reflect  .    (no helmet)
rElec   .          Rampage  .    (no cloak)
rCorr   .                        (no gloves)
Will    .....                    (no barding)
Stlth   ++                       c - amulet of magic regeneration
HPRegen 0.27/turn                (no ring)
MPRegen 0.50/turn                (no ring)

@: very slow
A: AC +1, large, see invisible, deformed body, poison resistance, slowness 2,
spit poison 1, naga tail 1
a: Spit Poison, Renounce Religion, Fiery Armour, Foxfire Swarm, Rising Flame


You were on level 2 of the Dungeon.
You worshipped Ignis.
Ignis was extremely pleased with you.
You visited 1 branch of the dungeon, and saw 2 of its levels.

You collected 77 gold pieces.

Inventory:

Hand Weapons
 a - a -1 spear of flaming (weapon)
Armour
 b - a +0 robe (worn)
Jewellery
 c - an amulet of magic regeneration (around neck)
Scrolls
 d - a scroll of vulnerability {unknown}
 e - a scroll of fear {unknown}
 h - 2 scrolls of identify {unknown}
 k - a scroll of magic mapping {unknown}
 l - a scroll of torment {unknown}
 m - a scroll of teleportation {unknown}
 n - a scroll of noise {unknown}
 o - a scroll of fog {unknown}
 p - a scroll of silence {unknown}
 s - a scroll of immolation {unknown}
Potions
 g - a potion of cancellation {unknown}
 i - a potion of invisibility {unknown}
 j - a potion of brilliance {unknown}
 r - a potion of might {unknown}
 K - a potion of magic {!q}


   Skills:
 - Level 3.0 Fighting
 - Level 3.0 Polearms
 - Level 3.0 Stealth
 + Level 2.5 Spellcasting
 + Level 4.0 Fire Magic


You had 6 spell levels left.
You knew the following spells:

 Your Spells              Type           Power      Damage    Failure   Level
C - Scorch                Fire           30%        2d7       5%          2

Your spell library contained the following spells:

 Spells                   Type           Power      Damage    Failure   Level


Dungeon Overview and Level Annotations

Branches:
Dungeon (2/15) Zot: 9920

Altars:

Annotations:
D:2 Robin


Innate Abilities, Weirdness & Mutations

Your serpentine skin is tough. (AC +1)
You have supernaturally acute eyesight. (SInv)
Armour fits poorly on your strangely shaped body.
Your system is resistant to poisons. (rPois)
You cover ground very slowly.
You can spit poison.
You have a snake-like lower body.


Message History

The goblin is severely wounded.
Robin hits you with a +4 falchion of protection!
The goblin barely misses you.
You hit the goblin. You burn the goblin.
You kill the goblin!
Robin is no longer more vulnerable to fire.
Robin hits you with a +4 falchion of protection.
You hit Robin but do no damage.
Robin is heavily wounded.
You have got your breath back.
Robin closely misses you.
Use which ability? (? or * to list)
Aiming: Spit Poison (1% risk of failure)
Press: ? - help, Shift-Dir - straight line, f/p - Robin
Aim: Robin, wielding a +4 falchion of protection, wearing a +1 animal skin and wearing a +0 helmet (heavily wounded, 70% to hit)
The splash of poison misses Robin.
Robin throws the goblin at you!
Casting: Scorch (safe; 5% risk of failure)
Confirm with . or Enter, or press ? or * to list all spells.
Flames lash Robin.
Robin is almost dead.
Robin's fire resistance burns away.
You hear a shout!
Robin roars a battlecry!
The goblin goes into a battle-frenzy!
The goblin hits you with a +0 club.
You barely miss Robin.
Robin is almost dead.
The goblin hits you but does no damage.
Robin hits you with a +4 falchion of protection.
It was a potion of magic.
Magic courses through your body.
K - a potion of magic Robin roars a battlecry!
The goblins go into a battle-frenzy!
The goblin hits you with a +0 club.
* * * LOW HITPOINT WARNING * * *
It was a potion of curing.
You feel better.
q - a potion of curing
c - an amulet of magic regeneration (around neck)
You have got your breath back.
The goblin hits you with a +0 club.
* * * LOW HITPOINT WARNING * * *
The hobgoblin closely misses you.
Robin hits you with a +4 falchion of protection.
* * * LOW HITPOINT WARNING * * *
You feel better.
Robin is no longer more vulnerable to fire.
The goblin hits you with a +0 club.
* * * LOW HITPOINT WARNING * * *
The hobgoblin hits you with a +0 dagger.
You die...

#. ##.....##.# #.# #.
##...###.# #.##
###'#######'####.######...
.................).......#
.......)........#####..#..
....g......g....# #.###.
###'#######g###.# #..#..
#. ##g..##.# #....#
##@g...### #.#.##
#g......# ##.#.# #.......#
#....# #.......# #....#
##.....## #...## ##...##
##.## ###### #.# #.# #.#
#### #.# #####.####


You could see Robin, a hobgoblin (strong) and 3 goblins.

Vanquished Creatures
  4 adders (D:2)
  4 worms (D:2)
  A dart slug (D:2)
  3 endoplasms
  10 goblins
  9 hobgoblins
  6 ball pythons
  4 frilled lizards
  5 kobolds
  2 rats
48 creatures vanquished.

Notes
Turn   | Place    | Note
-------+----------+-------------------------------------------
     0 | D:1      | Ge0ff the Naga Cinder Acolyte began the quest for the Orb.
     0 | D:1      | Reached XP level 1. HP: 21/21 MP: 2/2
   203 | D:1      | Reached skill level 1 in Stealth
   256 | D:1      | Reached XP level 2. HP: 25/28 MP: 3/3
   259 | D:1      | Learned a level 2 spell: Scorch
   945 | D:2      | Reached XP level 3. HP: 32/34 MP: 0/5
  1185 | D:2      | Reached XP level 4. HP: 37/42 MP: 2/7
  1548 | D:2      | Noticed Robin
  1630 | D:2      | Reached skill level 4 in Fire Magic
  1681 | D:2      | HP: 2/42 [Robin/+4 falchion of protection (6)]
  1682 | D:2      | Slain by a hobgoblin

Illustrated notes

Levels and vault maps discovered:
D:1:      dpeg_arrival_rooms_b, layout_loops_ring
D:2:      kennysheep_six_static_rooms, layout_loops_ring, grunt_decor_clamped,
          minmay_diced_spiral, uniq_robin

Skill      XL: |  1  2  3  4 |
---------------+-------------+-----
Stealth        | 1 2 3 |  3.0
Spellcasting   | 2 |  2.5
Fire Magic     | 4 |  4.0
Fighting       | |  3.0
Polearms       | |  3.0

Action                     |  1- 3 |  4- 6 || total
---------------------------+-------+-------++-------
  Melee: Spear             |    43 |    19 ||    62
   Cast: Scorch            |    12 |    19 ||    31
 Invoke: Fiery Armour      |     1 |       ||     1
Ability: Spit Poison       |    18 |    10 ||    28
    Use: Potion            |       |     3 ||     3
 Armour: Robe              |    15 |     9 ||    24
  Dodge: Dodged            |    16 |    11 ||    27

Table legend: (Time is in decaauts)
 A = Elapsed time spent in this place.
 B = Non-inter-level travel time spent in this place.
 C = Inter-level travel time spent in this place.
 D = Time resting spent in this place.
 E = Time spent auto-exploring this place.
 F = Levels seen in this place.
 G = Mean time per level.
                   A        B        C        D        E       F      G
               +--------+--------+--------+--------+--------+-----+--------+
         Total |   2078 |   1967 |    111 |     54 |   1554 |   2 | 1039.0 |
       Dungeon |   2078 |   1967 |    111 |     54 |   1554 |   2 | 1039.0 |
               +--------+--------+--------+--------+--------+-----+--------+

Top non-repeatable levels by time:
     D:2: 1058 daAuts
     D:1: 1020 daAuts
